PBL
AMERICUS BRAVES @ ROSWELL INVADERS
08/08/2048
 
TOP OF THE 1ST
Americus Braves batting - Pitching for Roswell Invaders : RHP Joe Mulholland
Pitching: RHP Joe Mulholland
Batting: RHB Ryan Cole 0-0: Called Strike
0-1: Ball
1-1: Ball
2-1: Swinging Strike
2-2: Strikes out swinging
Batting: RHB Wilson Salgado 0-0: Called Strike
0-1: Ball
1-1: Called Strike
1-2: Foul Ball, location: 2F
1-2: Strikes out looking
Batting: LHB Garret Mathis 0-0: Ball
1-0: SINGLE (Line Drive, 7S, EV 84.4 MPH)
Batting: RHB Ricardo Joya 0-0: Called Strike
0-1: Fly out, F7 (Flyball, 7D, EV 98.1 MPH)
Top of the 1st over - 0 runs, 1 hit, 0 errors, 1 left on base; Americus 0 - Roswell 0
BOTTOM OF THE 1ST
Roswell Invaders batting - Pitching for Americus Braves : LHP Ji-chol Lee
Pitching: LHP Ji-chol Lee
Batting: RHB Carlos Gonzalez 0-0: Foul Ball, location: 2F
0-1: Ball
1-1: Ball
2-1: Ball
3-1: Base on Balls
Batting: RHB Drew Sigona 0-0: Foul Ball, location: 2F
0-1: Called Strike
0-2: Foul Ball, location: 2F
0-2: Strikes out swinging
Batting: LHB Ivan Cortez 0-0: Ball
1-0: Fly out, F8 (Line Drive, 8RM, EV 105.6 MPH)
Batting: LHB Angelo Lira 0-0: Called Strike
0-1: Foul Ball, location: 2F
0-2: Strikes out looking
Bottom of the 1st over - 0 runs, 0 hits, 0 errors, 1 left on base; Americus 0 - Roswell 0
TOP OF THE 2ND
Americus Braves batting - Pitching for Roswell Invaders : RHP Joe Mulholland
Batting: RHB Josh Maxwell 0-0: Called Strike
0-1: Called Strike
0-2: Ball
1-2: Hit by Pitch
Batting: RHB Jose Florez 0-0: Called Strike
0-1: Ball
1-1: Ball
2-1: Ball
3-1: Base on Balls
Josh Maxwell to second
Batting: RHB Bart Stevensdick 0-0: Called Strike
0-1: Foul Ball, location: 2F
0-2: Ball
1-2: Ball
2-2: Strikes out swinging
Batting: RHB Juan Barela 0-0: Called Strike
0-1: Ball
1-1: Called Strike
1-2: Strikes out swinging
Batting: LHB Pappy Sterile 0-0: Ball
1-0: Called Strike
1-1: Ball
2-1: Foul Ball, location: 2F
2-2: Strikes out looking
Top of the 2nd over - 0 runs, 0 hits, 0 errors, 2 left on base; Americus 0 - Roswell 0
BOTTOM OF THE 2ND
Roswell Invaders batting - Pitching for Americus Braves : LHP Ji-chol Lee
Batting: LHB Julio Zamora 0-0: Ball
1-0: Ball
2-0: Ball
3-0: Base on Balls
Batting: RHB Cullen Kelley 0-0: Ball
1-0: Called Strike
1-1: Ball
2-1: Ball
3-1: Foul Ball, location: 2F
3-2: Base on Balls
Julio Zamora to second
Batting: LHB Adam Spence 0-0: Ball
1-0: Swinging Strike
1-1: Called Strike
1-2: Strikes out swinging
Batting: RHB Shinichi Miyamoto 0-0: Fielders Choice at 2nd, 1-4 (Groundball, P, EV 68.1 MPH)
Julio Zamora to third
Batting: SHB Sandy Burke 0-0: Ball
1-0: Swinging Strike
1-1: Swinging Strike
1-2: Ball
2-2: Ball
3-2: Strikes out swinging
Bottom of the 2nd over - 0 runs, 0 hits, 0 errors, 2 left on base; Americus 0 - Roswell 0
TOP OF THE 3RD
Americus Braves batting - Pitching for Roswell Invaders : RHP Joe Mulholland
Batting: RHB Ryan Cole 0-0: Foul Ball, location: 2F
0-1: Ball
1-1: Called Strike
1-2: Ground out 3-1 (Groundball, 13, EV 81.2 MPH)
Batting: RHB Wilson Salgado 0-0: Ball
1-0: Called Strike
1-1: Foul Ball, location: 2F
1-2: Strikes out looking
Batting: LHB Garret Mathis 0-0: Foul Ball, location: 2F
0-1: Ball
1-1: Fly out, F8 (Flyball, 8LM, EV 92.5 MPH)
Top of the 3rd over - 0 runs, 0 hits, 0 errors, 0 left on base; Americus 0 - Roswell 0
BOTTOM OF THE 3RD
Roswell Invaders batting - Pitching for Americus Braves : LHP Ji-chol Lee
Batting: RHB Carlos Gonzalez 0-0: Called Strike
0-1: Swinging Strike
0-2: Ball
1-2: Ball
2-2: Ground out 6-3 (Groundball, 6MD, EV 100.0 MPH)
Batting: RHB Drew Sigona 0-0: Swinging Strike
0-1: Ball
1-1: Called Strike
1-2: Ball
2-2: Fly out, F9 (Flyball, 9, EV 71.2 MPH)
Batting: LHB Ivan Cortez 0-0: Ball
1-0: Swinging Strike
1-1: Swinging Strike
1-2: Strikes out swinging
Bottom of the 3rd over - 0 runs, 0 hits, 0 errors, 0 left on base; Americus 0 - Roswell 0
TOP OF THE 4TH
Americus Braves batting - Pitching for Roswell Invaders : RHP Joe Mulholland
Batting: RHB Ricardo Joya 0-0: Called Strike
0-1: Swinging Strike
0-2: Ball
1-2: Foul Ball, location: 2F
1-2: Ball
2-2: Strikes out swinging
Batting: RHB Josh Maxwell 0-0: Ball
1-0: Foul Ball, location: 2F
1-1: Ball
2-1: Swinging Strike
2-2: Fly out, F3 (Popup, 3SF, EV 74.4 MPH)
Batting: RHB Jose Florez 0-0: Called Strike
0-1: Ball
1-1: Foul Ball, location: 2F
1-2: Foul Ball, location: 2F
1-2: Strikes out looking
Top of the 4th over - 0 runs, 0 hits, 0 errors, 0 left on base; Americus 0 - Roswell 0
BOTTOM OF THE 4TH
Roswell Invaders batting - Pitching for Americus Braves : LHP Ji-chol Lee
Batting: LHB Angelo Lira 0-0: Ball
1-0: Called Strike
1-1: Called Strike
1-2: Strikes out swinging
Batting: LHB Julio Zamora 0-0: Ball
1-0: Foul Ball, location: 2F
1-1: Foul Ball, location: 2F
1-2: Foul Ball, location: 2F
1-2: Ball
2-2: Fly out, F8 (Flyball, 8LS, EV 94.4 MPH)
Batting: RHB Cullen Kelley 0-0: Ball
1-0: Foul Ball, location: 2F
1-1: Foul Ball, location: 2F
1-2: SINGLE (Line Drive, 6M, EV 95.0 MPH)
Batting: LHB Adam Spence 0-0: Fly out, F8 (Flyball, 8LM, EV 83.8 MPH)
Bottom of the 4th over - 0 runs, 1 hit, 0 errors, 1 left on base; Americus 0 - Roswell 0
TOP OF THE 5TH
Americus Braves batting - Pitching for Roswell Invaders : RHP Joe Mulholland
Batting: RHB Bart Stevensdick 0-0: Ball
1-0: Called Strike
1-1: Foul Ball, location: 2F
1-2: Fly out, F9 (Flyball, 89D, EV 88.1 MPH)
Batting: RHB Juan Barela 0-0: Ball
1-0: Called Strike
1-1: Called Strike
1-2: Foul Ball, location: 2F
1-2: Strikes out swinging
Batting: LHB Pappy Sterile 0-0: Ball
1-0: Called Strike
1-1: Ground out U3 (Groundball, 3, EV 82.5 MPH)
Top of the 5th over - 0 runs, 0 hits, 0 errors, 0 left on base; Americus 0 - Roswell 0
BOTTOM OF THE 5TH
Roswell Invaders batting - Pitching for Americus Braves : LHP Ji-chol Lee
Batting: RHB Shinichi Miyamoto 0-0: Fly out, F7 (Line Drive, 78M, EV 103.8 MPH)
Batting: SHB Sandy Burke 0-0: Hit by Pitch
Pinch Runner at 1st Benjie Alejandro:
Batting: RHB Carlos Gonzalez 0-0: Called Strike
0-1: Ball
1-1: SINGLE (Line Drive, 34D, EV 96.9 MPH)
Benjie Alejandro to second
Runner from 2nd tries for 3rd, SAFE, throw by RF made to third
Batting: RHB Drew Sigona 0-0: Ball
1-0: Foul Ball, location: 2F
1-1: Fly out, F9 (Flyball, 9D, EV 108.8 MPH)
Runner from 3rd tags up, SCORES, no throw by RF
Batting: LHB Ivan Cortez 0-0: Ball
1-0: Ball
Pickoff Throw by Catcher to First - Out!
Bottom of the 5th over - 1 run, 1 hit, 0 errors, 0 left on base; Americus 0 - Roswell 1
TOP OF THE 6TH
Americus Braves batting - Pitching for Roswell Invaders : RHP Joe Mulholland
Now at 3B: Benjie Alejandro
Batting: RHB Ryan Cole 0-0: Foul Ball, location: 2F
0-1: Foul Ball, location: 2F
0-2: Ball
1-2: Ball
2-2: Fly out, F7 (Flyball, 7, EV 89.4 MPH)
Batting: RHB Wilson Salgado 0-0: Ball
1-0: Called Strike
1-1: Ball
2-1: Ground out 5-3 (Groundball, 56, EV 82.5 MPH)
Batting: LHB Garret Mathis 0-0: Ball
1-0: Ball
2-0: Ball
3-0: Base on Balls
Batting: RHB Ricardo Joya Pickoff Throw to First - Out! 1-3 CS
Top of the 6th over - 0 runs, 0 hits, 0 errors, 0 left on base; Americus 0 - Roswell 1
BOTTOM OF THE 6TH
Roswell Invaders batting - Pitching for Americus Braves : LHP Ji-chol Lee
Batting: LHB Ivan Cortez 0-0: Called Strike
0-1: Ball
1-1: Foul Ball, location: 2F
1-2: Ball
2-2: Strikes out swinging
Batting: LHB Angelo Lira 0-0: Ball
1-0: Foul Ball, location: 2F
1-1: Ball
2-1: Foul Ball, location: 2F
2-2: Ball
3-2: Strikes out swinging
Batting: LHB Julio Zamora 0-0: Fly out, F6 (Line Drive, 6, EV 75.6 MPH)
Bottom of the 6th over - 0 runs, 0 hits, 0 errors, 0 left on base; Americus 0 - Roswell 1
TOP OF THE 7TH
Americus Braves batting - Pitching for Roswell Invaders : RHP Joe Mulholland
Batting: RHB Ricardo Joya 0-0: Called Strike
0-1: Swinging Strike
0-2: Ball
1-2: Ball
2-2: Strikes out swinging, 2-3 out at first.
Batting: RHB Josh Maxwell 0-0: Swinging Strike
0-1: Ball
1-1: Called Strike
1-2: Foul Ball, location: 2F
1-2: Strikes out swinging
Pinch Hitting: RHB Alex Guerra 0-0: Ball
1-0: Called Strike
1-1: SINGLE (Line Drive, 4D, EV 108.8 MPH)
Pinch Hitting: RHB Bill Horne 0-0: Called Strike
0-1: Foul Ball, location: 2F
0-2: Ball
1-2: Strikes out swinging
Top of the 7th over - 0 runs, 1 hit, 0 errors, 1 left on base; Americus 0 - Roswell 1
BOTTOM OF THE 7TH
Roswell Invaders batting - Pitching for Americus Braves : LHP Ji-chol Lee
Now at 2B: Alex Guerra
Now at 3B: Bill Horne
Batting: RHB Cullen Kelley 0-0: Called Strike
0-1: Ground out 6-3 (Groundball, 6MD, EV 95.6 MPH)
Batting: LHB Adam Spence 0-0: Called Strike
0-1: Called Strike
0-2: Strikes out looking
Batting: RHB Shinichi Miyamoto 0-0: Swinging Strike
0-1: Called Strike
0-2: Ball
1-2: Strikes out swinging
Bottom of the 7th over - 0 runs, 0 hits, 0 errors, 0 left on base; Americus 0 - Roswell 1
TOP OF THE 8TH
Americus Braves batting - Pitching for Roswell Invaders : RHP Joe Mulholland
Batting: RHB Juan Barela 0-0: Called Strike
0-1: Called Strike
0-2: SINGLE (Groundball, 3S, EV 96.2 MPH)
Pitching: LHP Carlos Alicea
Batting: LHB Pappy Sterile 0-0: Bunted foul
0-1: Bunt missed!
0-2: Ball
1-2: Ball
2-2: SINGLE (Line Drive, 4D, EV 101.9 MPH)
Juan Barela to second
Pitching: RHP Christian Jansen
Batting: RHB Ryan Cole 0-0: Ball
1-0: Called Strike
1-1: Ball
2-1: Fielders Choice at 2nd, 4-6 (Groundball, 34, EV 105.6 MPH)
Juan Barela to third
Batting: RHB Wilson Salgado 0-0: Called Strike
0-1: Swinging Strike
0-2: Ball
1-2: Ball
2-2: Ground out 6-3 (Groundball, 56, EV 106.2 MPH)
Juan Barela scores
Ryan Cole to second
Batting: LHB Garret Mathis 0-0: Ball
1-0: Foul Ball, location: 2F
1-1: Ball
2-1: Foul Ball, location: 2F
2-2: Ball
3-2: Foul Ball, location: 2F
3-2: Base on Balls
Batting: RHB Ricardo Joya 0-0: Fielders Choice at 2nd, 6-4 (Groundball, 6, EV 103.8 MPH)
Top of the 8th over - 1 run, 2 hits, 0 errors, 2 left on base; Americus 1 - Roswell 1
BOTTOM OF THE 8TH
Roswell Invaders batting - Pitching for Americus Braves : LHP Ji-chol Lee
Batting: RHB Benjie Alejandro 0-0: Ball
1-0: Ball
2-0: Ball
3-0: Called Strike
3-1: Called Strike
3-2: Foul Ball, location: 2F
3-2: Ground out 6-3 (Groundball, 6, EV 85.6 MPH)
Pinch Hitting: LHB Falco van Koeveringe 0-0: Ball
1-0: Foul Ball, location: 2F
1-1: SINGLE (Groundball, 34D, EV 98.8 MPH)
Batting: RHB Drew Sigona 0-0: SINGLE (Groundball, 4MD, EV 106.2 MPH)
Falco van Koeveringe to second
Pitching: LHP Frank Donegan
Pinch Hitting: RHB Homer Petropoulos 0-0: Swinging Strike
0-1: Ball
1-1: Ball
2-1: Ball
3-1: Base on Balls
Falco van Koeveringe to third
Drew Sigona to second
Batting: LHB Angelo Lira 0-0: Called Strike
0-1: Ball
1-1: Ball
2-1: Ball
3-1: Called Strike
3-2: Grounds into fielders choice 4-2 (Groundball, 4, EV 100.6 MPH)
Drew Sigona to third
Homer Petropoulos to second
Pinch Hitting: RHB Shing Mah 0-0: Foul Ball, location: 2F
0-1: Ball
1-1: Ball
2-1: Called Strike
2-2: Fly out, F9 (Flyball, 89M, EV 90.0 MPH)
Bottom of the 8th over - 0 runs, 2 hits, 0 errors, 3 left on base; Americus 1 - Roswell 1
TOP OF THE 9TH
Americus Braves batting - Pitching for Roswell Invaders : RHP Christian Jansen
Now at 2B: Shing Mah
Now in CF: Matt Tanner
Now in RF: Jalen Williams
Batting: RHB Josh Maxwell 0-0: Ball
1-0: Called Strike
1-1: Fly out, F8 (Flyball, 78M, EV 97.5 MPH)
Batting: RHB Alex Guerra 0-0: Ball
1-0: Foul Ball, location: 2F
1-1: Ground out 6-3 (Groundball, 6, EV 88.1 MPH)
Batting: RHB Bill Horne 0-0: Ball
1-0: Foul Ball, location: 2F
1-1: Ball
2-1: Foul Ball, location: 2F
2-2: Ball
3-2: Base on Balls
Pitching: LHP Sam Davis
Batting: RHB Juan Barela 0-0: Called Strike
0-1: Swinging Strike
0-2: Ball
1-2: Strikes out looking
Top of the 9th over - 0 runs, 0 hits, 0 errors, 1 left on base; Americus 1 - Roswell 1
BOTTOM OF THE 9TH
Roswell Invaders batting - Pitching for Americus Braves : LHP Frank Donegan
Pinch Hitting: RHB Ray Bieber 0-0: Foul Ball, location: 2F
0-1: Ball
1-1: SINGLE (Groundball, 56D, EV 100.6 MPH)
Pinch Hitting: RHB Hidemitsu Matsuno 0-0: Fielders Choice at 2nd, 6-4 (Groundball, 6, EV 85.0 MPH)
Pinch Hitting: RHB Danny Valentin 0-0: Called Strike
0-1: Swinging Strike
0-2: Ball
1-2: Fly out, F7 (Flyball, 7LSF, EV 86.9 MPH)
Batting: RHB Benjie Alejandro 0-0: Ball
1-0: Ball
2-0: Ball
3-0: Called Strike
3-1: Base on Balls
Hidemitsu Matsuno to second
Batting: LHB Jalen Williams 0-0: Called Strike
0-1: Ball
1-1: Ball
2-1: Ball
3-1: Base on Balls
Hidemitsu Matsuno to third
Benjie Alejandro to second
Pitching: RHP Norm Wamboldt
Batting: RHB Drew Sigona 0-0: Foul Ball, location: 2F
0-1: Foul Ball, location: 2F
0-2: Strikes out looking
Bottom of the 9th over - 0 runs, 1 hit, 0 errors, 3 left on base; Americus 1 - Roswell 1
TOP OF THE 10TH
Americus Braves batting - Pitching for Roswell Invaders : LHP Sam Davis
Now at C: Andrew Moore
Now at 1B: Jason Hanson
Now in LF: Ray Bieber
Batting: LHB Pappy Sterile 0-0: Ball
1-0: Foul Ball, location: 2F
1-1: Ball
2-1: Ball
3-1: Swinging Strike
3-2: Foul Ball, location: 2F
3-2: Foul Ball, location: 2F
3-2: Strikes out swinging
Batting: RHB Ryan Cole 0-0: Ground out 4-3 (Groundball, 4, EV 76.9 MPH)
Batting: RHB Wilson Salgado 0-0: Foul Ball, location: 2F
0-1: Ball
1-1: Swinging Strike
1-2: Foul Ball, location: 2F
1-2: Strikes out looking
Top of the 10th over - 0 runs, 0 hits, 0 errors, 0 left on base; Americus 1 - Roswell 1
BOTTOM OF THE 10TH
Roswell Invaders batting - Pitching for Americus Braves : RHP Norm Wamboldt
Batting: LHB Matt Tanner 0-0: Called Strike
0-1: Ball
1-1: Swinging Strike
1-2: Strikes out swinging
Batting: LHB Angelo Lira 0-0: Called Strike
0-1: Fly out, F8 (Flyball, 8RD, EV 88.8 MPH)
Batting: RHB Shing Mah 0-0: Ground out 6-3 (Groundball, 6M, EV 108.1 MPH)
Bottom of the 10th over - 0 runs, 0 hits, 0 errors, 0 left on base; Americus 1 - Roswell 1
TOP OF THE 11TH
Americus Braves batting - Pitching for Roswell Invaders : LHP Sam Davis
Batting: LHB Garret Mathis 0-0: Ball
1-0: Ground out 4-3 (Groundball, 4, EV 82.5 MPH)
Batting: RHB Ricardo Joya 0-0: Called Strike
0-1: Ball
1-1: Ground out 6-3 (Groundball, 6, EV 78.1 MPH)
Batting: RHB Josh Maxwell 0-0: Swinging Strike
0-1: Ball
1-1: Swinging Strike
1-2: Strikes out swinging
Top of the 11th over - 0 runs, 0 hits, 0 errors, 0 left on base; Americus 1 - Roswell 1
BOTTOM OF THE 11TH
Roswell Invaders batting - Pitching for Americus Braves : RHP Norm Wamboldt
Batting: RHB Ray Bieber 0-0: Ball
1-0: Fly out, F8 (Flyball, 8LD, EV 105.0 MPH)
Batting: LHB Andrew Moore 0-0: Ground out 5-3 (Groundball, 5L, EV 101.9 MPH)
Batting: RHB Jason Hanson 0-0: Called Strike
0-1: SINGLE (Groundball, 3D, EV 98.8 MPH)
Batting: RHB Benjie Alejandro 0-0: Called Strike
0-1: Ball
1-1: SINGLE (Groundball, 4MD, EV 99.4 MPH)
Jason Hanson to second
Batting: LHB Jalen Williams 0-0: Ball
1-0: Foul Ball, location: 2F
1-1: Called Strike
1-2: Strikes out swinging
Bottom of the 11th over - 0 runs, 2 hits, 0 errors, 2 left on base; Americus 1 - Roswell 1
TOP OF THE 12TH
Americus Braves batting - Pitching for Roswell Invaders : LHP Sam Davis
Batting: RHB Alex Guerra 0-0: Called Strike
0-1: Foul Ball, location: 2F
0-2: Foul Ball, location: 2F
0-2: Strikes out swinging
Batting: RHB Bill Horne 0-0: Ball
1-0: Ball
2-0: Swinging Strike
2-1: Ball
3-1: Foul Ball, location: 2F
3-2: Strikes out swinging
Batting: RHB Juan Barela 0-0: Called Strike
0-1: Foul Ball, location: 2F
0-2: Strikes out swinging
Top of the 12th over - 0 runs, 0 hits, 0 errors, 0 left on base; Americus 1 - Roswell 1
BOTTOM OF THE 12TH
Roswell Invaders batting - Pitching for Americus Braves : RHP Norm Wamboldt
Batting: RHB Drew Sigona 0-0: Called Strike
0-1: Ball
1-1: SINGLE (Flyball, 56D, EV 96.2 MPH)
Batting: LHB Matt Tanner 0-0: Ball
1-0: Ball
2-0: Called Strike
2-1: Fielders Choice at 2nd, 1-6 (Groundball, 13, EV 68.8 MPH)
Batting: LHB Angelo Lira 0-0: Foul Ball, location: 2F
0-1: Ball
1-1: Called Strike
Matt Tanner is caught stealing 2nd base 2-6
1-2: Ball
2-2: Strikes out swinging
Bottom of the 12th over - 0 runs, 1 hit, 0 errors, 0 left on base; Americus 1 - Roswell 1
TOP OF THE 13TH
Americus Braves batting - Pitching for Roswell Invaders : LHP Sam Davis
Pitching: RHP Erik Stegenga
Batting: LHB Pappy Sterile 0-0: Swinging Strike
0-1: Foul Ball, location: 2F
0-2: Foul Ball, location: 2F
0-2: Ball
1-2: Foul Ball, location: 2F
1-2: Ball
2-2: Strikes out swinging
Batting: RHB Ryan Cole 0-0: Called Strike
0-1: Ball
1-1: Called Strike
1-2: Ball
2-2: Ball
3-2: Fly out, F8 (Flyball, 78D, EV 95.6 MPH)
Batting: RHB Wilson Salgado 0-0: SINGLE (Line Drive, 7S, EV 108.1 MPH)
Batting: LHB Garret Mathis 0-0: Called Strike
0-1: Ball
1-1: Called Strike
1-2: Ground out 4-3 (Groundball, 4, EV 84.4 MPH)
Top of the 13th over - 0 runs, 1 hit, 0 errors, 1 left on base; Americus 1 - Roswell 1
BOTTOM OF THE 13TH
Roswell Invaders batting - Pitching for Americus Braves : RHP Norm Wamboldt
Batting: RHB Shing Mah 0-0: Ball
1-0: Foul Ball, location: 2F
1-1: Called Strike
1-2: Ball
2-2: Ball
3-2: Ground out 6-3 (Groundball, 6, EV 78.1 MPH)
Batting: RHB Ray Bieber 0-0: Foul Ball, location: 2F
0-1: Ball
1-1: Called Strike
1-2: Strikes out looking
Pitching: LHP Joel Littlejohn
Batting: LHB Andrew Moore 0-0: Ball
1-0: Ground out 6-3 (Groundball, 56, EV 80.6 MPH)
Bottom of the 13th over - 0 runs, 0 hits, 0 errors, 0 left on base; Americus 1 - Roswell 1
TOP OF THE 14TH
Americus Braves batting - Pitching for Roswell Invaders : RHP Erik Stegenga
Batting: RHB Ricardo Joya 0-0: Ball
1-0: Called Strike
1-1: Ball
2-1: Foul Ball, location: 2F
2-2: Strikes out swinging, 2-3 out at first.
Batting: RHB Josh Maxwell 0-0: Called Strike
0-1: Called Strike
0-2: Fly out, F8 (Flyball, 8LM, EV 92.5 MPH)
Batting: RHB Alex Guerra 0-0: Ball
1-0: Ball
2-0: Called Strike
2-1: Foul Ball, location: 2F
2-2: SINGLE (Groundball, 4MD, EV 98.8 MPH)
Batting: RHB Bill Horne 0-0: Called Strike
Alex Guerra steals 2nd base
0-1: Ball
1-1: Intentional Walk
Batting: RHB Juan Barela 0-0: Fielders Choice at 2nd, 6-4 (Groundball, 6, EV 91.9 MPH)
Top of the 14th over - 0 runs, 1 hit, 0 errors, 2 left on base; Americus 1 - Roswell 1
BOTTOM OF THE 14TH
Roswell Invaders batting - Pitching for Americus Braves : LHP Joel Littlejohn
Pitching: RHP Justus Gonzales
Batting: RHB Jason Hanson 0-0: Ball
1-0: Ground out 5-3 (Groundball, 5L, EV 85.6 MPH)
Batting: RHB Benjie Alejandro 0-0: Ball
1-0: Ball
2-0: Foul Ball, location: 2F
2-1: Ball
3-1: Base on Balls
Batting: LHB Jalen Williams 0-0: Fly out, F7 (Line Drive, 7, EV 96.9 MPH)
Batting: RHB Drew Sigona 0-0: Called Strike
0-1: Ground out 5-3 (Groundball, 56S, EV 70.0 MPH)
Bottom of the 14th over - 0 runs, 0 hits, 0 errors, 1 left on base; Americus 1 - Roswell 1
TOP OF THE 15TH
Americus Braves batting - Pitching for Roswell Invaders : RHP Erik Stegenga
Batting: LHB Pappy Sterile 0-0: Called Strike
0-1: Ball
1-1: Fly out, F8 (Line Drive, 8RM, EV 93.8 MPH)
Batting: RHB Ryan Cole 0-0: Ball
1-0: Called Strike
1-1: Foul Ball, location: 2F
1-2: Ball
2-2: Foul Ball, location: 2F
2-2: SINGLE (Groundball, 56D, EV 94.4 MPH)
Batting: RHB Wilson Salgado 0-0: Called Strike
Ryan Cole is caught stealing 2nd base 2-4
0-1: Swinging Strike
0-2: Strikes out swinging
Top of the 15th over - 0 runs, 1 hit, 0 errors, 0 left on base; Americus 1 - Roswell 1
BOTTOM OF THE 15TH
Roswell Invaders batting - Pitching for Americus Braves : RHP Justus Gonzales
Batting: LHB Matt Tanner 0-0: Called Strike
0-1: Swinging Strike
0-2: Foul Ball, location: 2F
0-2: Strikes out swinging
Batting: LHB Angelo Lira 0-0: Swinging Strike
0-1: Ball
1-1: Ball
2-1: Swinging Strike
2-2: Strikes out looking
Batting: RHB Shing Mah 0-0: Ball
1-0: Swinging Strike
1-1: Foul Ball, location: 2F
1-2: Fly out, F9 (Flyball, 89S, EV 90.0 MPH)
Bottom of the 15th over - 0 runs, 0 hits, 0 errors, 0 left on base; Americus 1 - Roswell 1
TOP OF THE 16TH
Americus Braves batting - Pitching for Roswell Invaders : RHP Erik Stegenga
Pitching: LHP Henry Jesso
Batting: LHB Garret Mathis 0-0: Ball
1-0: Called Strike
1-1: Ball
2-1: Foul Ball, location: 2F
2-2: Fly out, F5 (Popup, 5S, EV 66.9 MPH)
Batting: RHB Ricardo Joya 0-0: Ball
1-0: Swinging Strike
1-1: Ball
2-1: SINGLE (Groundball, 56S, EV 60.0 MPH) (infield hit)
Batting: RHB Josh Maxwell 0-0: Ball
1-0: Called Strike
1-1: Grounds into double play, 5-4-3 (Groundball, 5, EV 78.8 MPH)
Top of the 16th over - 0 runs, 1 hit, 0 errors, 0 left on base; Americus 1 - Roswell 1
BOTTOM OF THE 16TH
Roswell Invaders batting - Pitching for Americus Braves : RHP Justus Gonzales
Batting: RHB Ray Bieber 0-0: Foul Ball, location: 2F
0-1: Fly out, F9 (Flyball, 89M, EV 88.1 MPH)
Batting: LHB Andrew Moore 0-0: Ball
1-0: Ball
2-0: Foul Ball, location: 2F
2-1: Fly out, F9 (Flyball, 9S, EV 77.5 MPH)
Batting: RHB Jason Hanson 0-0: Ball
1-0: Swinging Strike
1-1: Foul Ball, location: 2F
1-2: Ball
2-2: Ball
3-2: Strikes out looking
Bottom of the 16th over - 0 runs, 0 hits, 0 errors, 0 left on base; Americus 1 - Roswell 1
TOP OF THE 17TH
Americus Braves batting - Pitching for Roswell Invaders : LHP Henry Jesso
Batting: RHB Alex Guerra 0-0: Ground out 6-3 (Groundball, 6, EV 88.8 MPH)
Batting: RHB Bill Horne 0-0: Ball
1-0: Fly out, F8 (Line Drive, 8RD, EV 93.1 MPH)
Batting: RHB Juan Barela 0-0: Swinging Strike
0-1: Ball
1-1: Called Strike
1-2: Strikes out swinging
Top of the 17th over - 0 runs, 0 hits, 0 errors, 0 left on base; Americus 1 - Roswell 1
BOTTOM OF THE 17TH
Roswell Invaders batting - Pitching for Americus Braves : RHP Justus Gonzales
Batting: RHB Benjie Alejandro 0-0: Ball
1-0: Fly out, F9 (Flyball, 9, EV 81.2 MPH)
Batting: LHB Jalen Williams 0-0: Called Strike
0-1: Ball
1-1: Ball
2-1: Ball
3-1: Ground out 6-3 (Groundball, 56, EV 80.6 MPH)
Batting: RHB Drew Sigona 0-0: Called Strike
0-1: Swinging Strike
0-2: Fly out, F8 (Flyball, 8LD, EV 93.8 MPH)
Bottom of the 17th over - 0 runs, 0 hits, 0 errors, 0 left on base; Americus 1 - Roswell 1
TOP OF THE 18TH
Americus Braves batting - Pitching for Roswell Invaders : LHP Henry Jesso
Batting: LHB Pappy Sterile 0-0: Foul Ball, location: 2F
0-1: Ball
1-1: Ball
2-1: Ball
3-1: Fly out, F5 (Popup, 56S, EV 86.2 MPH)
Batting: RHB Ryan Cole 0-0: Ball
1-0: Foul Ball, location: 2F
1-1: Foul Ball, location: 2F
1-2: Ball
2-2: Foul Ball, location: 2F
2-2: Fly out, F8 (Flyball, 89S, EV 95.0 MPH)
Batting: RHB Wilson Salgado 0-0: Foul Ball, location: 2F
0-1: Foul Ball, location: 2F
0-2: Ball
1-2: Ground out 1-3 (Groundball, 13S, EV 74.4 MPH)
Top of the 18th over - 0 runs, 0 hits, 0 errors, 0 left on base; Americus 1 - Roswell 1
BOTTOM OF THE 18TH
Roswell Invaders batting - Pitching for Americus Braves : RHP Justus Gonzales
Pitching: LHP Rod Somerville
Batting: LHB Matt Tanner 0-0: Ball
1-0: Called Strike
1-1: Foul Ball, location: 2F
1-2: Ball
2-2: Ball
3-2: Strikes out swinging
Batting: LHB Angelo Lira 0-0: Called Strike
0-1: Called Strike
0-2: Ball
1-2: Strikes out swinging
Pitching: LHP Ben Woods
Batting: RHB Shing Mah 0-0: Foul Ball, location: 2F
0-1: Ball
1-1: Ball
2-1: Ball
3-1: Fly out, F8 (Flyball, 8LD, EV 90.0 MPH)
Bottom of the 18th over - 0 runs, 0 hits, 0 errors, 0 left on base; Americus 1 - Roswell 1
TOP OF THE 19TH
Americus Braves batting - Pitching for Roswell Invaders : LHP Henry Jesso
Batting: LHB Garret Mathis 0-0: Swinging Strike
0-1: Ball
1-1: Ball
2-1: Ball
3-1: Foul Ball, location: 2F
3-2: Ground out 4-3 (Groundball, 4M, EV 78.1 MPH)
Batting: RHB Ricardo Joya 0-0: Foul Ball, location: 2F
0-1: Swinging Strike
0-2: Ball
1-2: Fly out, F9 (Flyball, 9, EV 92.5 MPH)
Batting: RHB Josh Maxwell 0-0: Ball
1-0: Fly out, F7 (Flyball, 7S, EV 86.9 MPH)
Top of the 19th over - 0 runs, 0 hits, 0 errors, 0 left on base; Americus 1 - Roswell 1
BOTTOM OF THE 19TH
Roswell Invaders batting - Pitching for Americus Braves : LHP Ben Woods
Batting: RHB Ray Bieber 0-0: SINGLE (Line Drive, 8LS, EV 91.9 MPH)
Batting: LHB Andrew Moore 0-0: Ball
1-0: Foul Ball, location: 2F
1-1: Ball
2-1: Swinging Strike
2-2: Foul Ball, location: 2F
2-2: Ball
3-2: Reached on error, E6 (Groundball, 56D, EV 101.2 MPH)
Ray Bieber to third
Batting: RHB Jason Hanson 0-0: Swinging Strike
0-1: Called Strike
0-2: Foul Ball, location: 2F
0-2: Foul Ball, location: 2F
0-2: Fly out, F7 (Flyball, 78M, EV 81.9 MPH)
Batting: RHB Benjie Alejandro 0-0: DOUBLE (Line Drive, 78D, EV 90.0 MPH)
Ray Bieber scores
Bottom of the 19th over - 1 run, 2 hits, 1 error, 1 left on base; Americus 1 - Roswell 2
Tuesday, March 28th , 2023 - OOTP Baseball 23.10 Build 110